cohdb
Replays
Latest Replays
All Replays
Popular Replays
Top Player Replays
Match Explorer
How It Works
Community
CoH3 Stats
Reddit
Sign in to upload your games and track your stats! →
Sign in with Steam
Match 26505904
Unlisted
Match 26505904
Overview
Messages
Build Orders
End
Kettenkrad Recon Vehicle
Construct Infanterie Kompanie
Grenadier Squad
Grenadier Squad
Grenadier Squad
Infanterie Officer Quarters
Selects Breakthrough Battlegroup
Selects Assault Grenadiers
Selects Breakthrough
Construct Luftwaffe Kompanie
Jäger Squad
Jäger Squad
Selects Mechanized Assault Group
Mechanized Assault Group
MG 42 Machine Gun Team
Construct Panzer Kompanie
Selects Rapid Production
Selects Blitzkrieg
Sturmpanzer IV Brummbär
Rikkart
Apóca
SneaKerz
gb_gbg
0
0
Comments
sign in to comment!
No comments posted yet!